 Dungeon Crawl Stone Soup version 0.27-a0-538-g15ff5c5295 (webtiles) character file.

Game seed: 13622283408357362238

35 Anon1729 the Gusty (level 3, -1/26 HPs)
             Began as a Demigod Air Elementalist on Mar 6, 2021.
             Slain by a gnoll
             ... wielding a +0 club
              (8 damage)
             ... on level 1 of the Dungeon.
             The game lasted 00:01:10 (915 turns).

Anon1729 the Gusty (Demigod Air Elementalist)        Turns: 915, Time: 00:01:11

Health: -1/26      AC:  2    Str:  9    XL:     3   Next: 2%
Magic:  6/8        EV: 12    Int: 21    God:
Gold:   62         SH:  0    Dex: 14    Spells: 5/6 levels left

rFire    . . .     SeeInvis .   (no weapon)
rCold    . . .     Faith    .   (no shield)
rNeg     . . .     Spirit   .   a - +0 robe
rPois    .         Reflect  .   c - +0 hat {Will+}
rElec    .         Harm     .   (no cloak)
rCorr    .         Rampage  .   (no gloves)
Will     +....                  (no boots)
Stlth    ++........             b - amulet of the acrobat
HPRegen  0.08/turn              d - ring of wizardry
MPRegen  0.11/turn              (no ring)

@: no status effects
A: high mp 1, forlorn
a: no special abilities


You were on level 1 of the Dungeon.
You visited 1 branch of the dungeon, and saw 2 of its levels.

You collected 62 gold pieces.

Inventory:

Armour
 a - a +0 robe (worn)
 c - a +0 hat of willpower (worn)
Jewellery
 b - an amulet of the acrobat (around neck)
 d - a ring of wizardry (left hand)
Potions
 e - 2 potions of flight {unknown}


   Skills:
 + Level 2.1 Dodging
 - Level 1.7 Stealth
 + Level 2.1 Spellcasting
 + Level 1.4 Conjurations
 * Level 3.2 Air Magic


You had 5 spell levels left.
You knew the following spells:

 Your Spells              Type           Power      Damage    Failure   Level
a - Shock                 Conj/Air       44%        1d5       2%          1

Your spell library contained the following spells:

 Spells                   Type           Power      Damage    Failure   Level
 Swiftness                Air            15%        N/A       2%          2
 Static Discharge         Conj/Air       11%        N/A       7%          3
 Airstrike                Air            7%         N/A       16%         4
 Lightning Bolt           Conj/Air       5%         1d17      50%         5


Dungeon Overview and Level Annotations

Branches:
Dungeon (2/15)


Innate Abilities, Weirdness & Mutations

Your attributes grow dramatically as you level up.
You have an increased reservoir of magic. (+10% MP)
You shall have no god before yourself.


Message History

Aiming: Shock (safe; 3% risk of failure)
Press: ? - help, Shift-Dir - straight line The zap hits the gnoll.
You kill the gnoll!
The zap hits the gnoll.
You kill the gnoll!
You have reached level 3!
Your experience leads to a dramatic increase in your attributes!
Increase (S)trength, (I)ntelligence, or (D)exterity?
You feel clever. x4
You start resting.
Magic restored.
You start resting.
HP restored.
Things that are here:
a +0 spear; a gnoll skeleton
Things that are here:
a +0 whip; a gnoll skeleton
There is a stone staircase leading down here.
You climb downwards.
The gnoll hits you with a +0 club!
There is a stone staircase leading up, spattered with blood here.
The gnoll hits you with a +0 club!
You climb upwards.
There is a stone staircase leading down here.
Casting: Shock (safe; 2% risk of failure)
Confirm with . or Enter, or press ? or * to list all spells.
Aiming: Shock (safe; 2% risk of failure)
Press: ? - help, Shift-Dir - straight line The zap hits the gnoll.
The gnoll is lightly wounded.
The zap misses the gnoll.
The gnoll hits you with a +0 club.
* * * LOW HITPOINT WARNING * * *
Casting: Shock (safe; 2% risk of failure)
Confirm with . or Enter, or press ? or * to list all spells.
Aiming: Shock (safe; 2% risk of failure)
Press: ? - help, Shift-Dir - straight line The zap misses the gnoll.
The zap hits the gnoll.
The gnoll is heavily wounded.
The gnoll hits you with a +0 club!
You die...

.########.##..#####.#####..#
.......##.....#PPP#.#PPP#..#
####...####...#P⌠P#.#P⌠P#..#
####....#####.#PPP#.#PPP#..#
..........###.#####+#####..#
####...##..##.))...........#
#...###.#####>.......#..#
#...# #.## #g.........##
#..####..####@.......### #
#.#..................#
####.#.##################
.....)....## ......###..#
.....## ##.###### ..>..#
#......##
.....##########..##
..........## ##..##


You could see a gnoll.

Vanquished Creatures
  2 gnolls (D:1)
  A dart slug (D:1)
  3 goblins (D:1)
  3 hobgoblins (D:1)
  2 kobolds (D:1)
  A frilled lizard (D:1)
  A rat (D:1)
13 creatures vanquished.

Notes
Turn   | Place    | Note
-------+----------+-------------------------------------------
     0 | D:1      | Anon1729 the Demigod Air Elementalist began the quest for
                  | the Orb.
     0 | D:1      | Reached XP level 1. HP: 14/14 MP: 5/5
    91 | D:1      | Reached skill level 1 in Conjurations
   378 | D:1      | Reached XP level 2. HP: 20/20 MP: 4/7
   439 | D:1      | Reached skill level 3 in Air Magic
   675 | D:1      | Reached XP level 3. HP: 7/26 MP: 3/8
   915 | D:1      | Slain by a gnoll

Illustrated notes

Levels and vault maps discovered:
D:1:      beargit_arrival_greenhouse, layout_rooms
D:2:      layout_basic

Skill      XL: |  1  2 |
---------------+-------+-----
Conjurations   | 1 |  1.4
Dodging        | 2 |  2.1
Air Magic      | 3 |  3.2
Spellcasting   | 2 |  2.1
Stealth        | |  1.7

Action                   || total
-------------------------++-------
 Cast: Shock             ||    31
Dodge: Dodged            ||     1

Table legend: (Time is in decaauts)
 A = Elapsed time spent in this place.
 B = Non-inter-level travel time spent in this place.
 C = Inter-level travel time spent in this place.
 D = Time resting spent in this place.
 E = Time spent auto-exploring this place.
 F = Levels seen in this place.
 G = Mean time per level.
                   A        B        C        D        E       F      G
               +--------+--------+--------+--------+--------+-----+--------+
         Total |    915 |    897 |     18 |    228 |    583 |   2 |  457.5 |
       Dungeon |    915 |    897 |     18 |    228 |    583 |   2 |  457.5 |
               +--------+--------+--------+--------+--------+-----+--------+

Top non-repeatable levels by time:
     D:1: 911 daAuts
     D:2: 4 daAuts
